| TOP OF THE 1ST |
|
Minnesota Twins batting - Pitching for Detroit Tigers : LHP Adrian Hamilton
|
|
Pitching: LHP Adrian Hamilton
|
|
|
Batting: RHB Miguel Gonzalez
|
0-0: Ball 1-0: Ball 2-0: Called Strike 2-1: Fly out, F9 (Flyball, 9S, EV 96.9 MPH)
|
|
Batting: RHB Miguel Diaz
|
0-0: Called Strike 0-1: Ground out 6-3 (Groundball, 6, EV 82.5 MPH)
|
|
Batting: LHB Ricardo Batista
|
0-0: SINGLE (Groundball, 6S, EV 94.4 MPH)
|
|
Batting: RHB Will Leslie
|
0-0: Ball 1-0: Called Strike 1-1: Fly out, F8 (Flyball, 8LXD, EV 88.1 MPH)
|
| Top of the 1st over - 0 runs, 1 hit, 0 errors, 1 left on base; Minnesota 0 - Detroit 0 |
| BOTTOM OF THE 1ST |
|
Detroit Tigers batting - Pitching for Minnesota Twins : RHP Ted Mosley
|
|
Pitching: RHP Ted Mosley
|
|
|
Batting: RHB Rich Stinson
|
0-0: SINGLE (Groundball, 56D, EV 99.4 MPH)
|
|
Batting: LHB Morgan Black
|
0-0: Ball 1-0: Swinging Strike 1-1: Foul Ball, location: 2F 1-2: Fly out, F5 (Popup, 56, EV 81.2 MPH)
|
|
Batting: LHB Frank McConnell
|
0-0: Called Strike 0-1: SINGLE (Line Drive, 4MD, EV 93.8 MPH) Rich Stinson to second
|
|
Batting: LHB Conrad Taylor
|
0-0: Ball 1-0: Foul Ball, location: 2F 1-1: Foul Ball, location: 2F 1-2: Foul Ball, location: 2F 1-2: Strikes out swinging
|
|
Batting: RHB Chris Wheatley
|
0-0: Called Strike 0-1: Ball 1-1: Ball 2-1: Foul Ball, location: 2F 2-2: Foul Ball, location: 2F 2-2: Foul Ball, location: 2F 2-2: Strikes out swinging
|
| Bottom of the 1st over - 0 runs, 2 hits, 0 errors, 2 left on base; Minnesota 0 - Detroit 0 |
| TOP OF THE 2ND |
|
Minnesota Twins batting - Pitching for Detroit Tigers : LHP Adrian Hamilton
|
|
Batting: LHB Ryan Flynn Jr.
|
0-0: Ball 1-0: Ball 2-0: Called Strike 2-1: Swinging Strike 2-2: Foul Ball, location: 2F 2-2: Foul Ball, location: 2F 2-2: Strikes out swinging
|
|
Batting: RHB Alex Rodriguez Jr.
|
0-0: Called Strike 0-1: Ball 1-1: Swinging Strike 1-2: Fly out, F9 (Flyball, 9D, EV 90.0 MPH)
|
|
Batting: LHB Per Meulengracht
|
0-0: Swinging Strike 0-1: Ball 1-1: Ball 2-1: Foul Ball, location: 2F 2-2: Ball 3-2: Strikes out looking
|
| Top of the 2nd over - 0 runs, 0 hits, 0 errors, 0 left on base; Minnesota 0 - Detroit 0 |
| BOTTOM OF THE 2ND |
|
Detroit Tigers batting - Pitching for Minnesota Twins : RHP Ted Mosley
|
|
Batting: SHB Ross Holland
|
0-0: Ball 1-0: Ball 2-0: Foul Ball, location: 2F 2-1: Ground out 5-3 (Groundball, 5L, EV 101.2 MPH)
|
|
Batting: SHB Adam Weber
|
0-0: Fly out, F9 (Line Drive, 9S, EV 96.9 MPH)
|
|
Batting: RHB Adrian Novakovic
|
0-0: Ball 1-0: Ball 2-0: SINGLE (Groundball, 56D, EV 103.8 MPH)
|
|
Batting: RHB Jerry Jauregui
|
0-0: Ball 1-0: Foul Ball, location: 2F 1-1: Swinging Strike 1-2: Strikes out swinging
|
| Bottom of the 2nd over - 0 runs, 1 hit, 0 errors, 1 left on base; Minnesota 0 - Detroit 0 |
| TOP OF THE 3RD |
|
Minnesota Twins batting - Pitching for Detroit Tigers : LHP Adrian Hamilton
|
|
Batting: LHB Harris Vink
|
0-0: Called Strike 0-1: Foul Ball, location: 2F 0-2: Fly out, F8 (Flyball, 8LD, EV 93.8 MPH)
|
|
Batting: RHB Matt Dunn
|
0-0: SINGLE (Line Drive, 7S, EV 102.5 MPH)
|
|
Batting: RHB Miguel Gonzalez
|
0-0: Swinging Strike 0-1: Foul Ball, location: 2F 0-2: Strikes out looking Matt Dunn is caught stealing 2nd base 2-4 Batter strikes out.
|
| Top of the 3rd over - 0 runs, 1 hit, 0 errors, 0 left on base; Minnesota 0 - Detroit 0 |
| BOTTOM OF THE 3RD |
|
Detroit Tigers batting - Pitching for Minnesota Twins : RHP Ted Mosley
|
|
Batting: RHB Rich Stinson
|
0-0: Ball 1-0: Ball 2-0: Ball 3-0: Base on Balls
|
|
Batting: LHB Morgan Black
|
0-0: Swinging Strike 0-1: Swinging Strike 0-2: Ball 1-2: Strikes out swinging
|
|
Batting: LHB Frank McConnell
|
0-0: Ball Rich Stinson steals 2nd base 1-0: Foul Ball, location: 2F 1-1: Called Strike 1-2: Foul Ball, location: 2F 1-2: Strikes out swinging
|
|
Batting: LHB Conrad Taylor
|
0-0: Foul Ball, location: 2F 0-1: Ball 1-1: SINGLE (Line Drive, 4D, EV 102.5 MPH) Rich Stinson to third Runner from 3rd tries for Home, SAFE, throw by CF to home
|
|
Batting: RHB Chris Wheatley
|
0-0: Ball 1-0: Called Strike 1-1: Foul Ball, location: 2F 1-2: Foul Ball, location: 2F 1-2: Ball 2-2: SINGLE (Groundball, 56D, EV 103.8 MPH) Conrad Taylor to second
|
|
Batting: SHB Ross Holland
|
0-0: Foul Ball, location: 2F 0-1: Ball 1-1: Ball 2-1: Fly out, F7 (Flyball, 7, EV 87.5 MPH)
|
| Bottom of the 3rd over - 1 run, 2 hits, 0 errors, 2 left on base; Minnesota 0 - Detroit 1 |
| TOP OF THE 4TH |
|
Minnesota Twins batting - Pitching for Detroit Tigers : LHP Adrian Hamilton
|
|
Batting: RHB Miguel Diaz
|
0-0: Ball 1-0: Ball 2-0: Called Strike 2-1: Ball 3-1: Base on Balls
|
|
Batting: LHB Ricardo Batista
|
0-0: Ball 1-0: Swinging Strike 1-1: Ball 2-1: Foul Ball, location: 2F 2-2: 2-RUN HOME RUN (Line Drive, 89XD, EV 107.5 MPH), Distance : 428 ft
|
|
Batting: RHB Will Leslie
|
0-0: Ball 1-0: Swinging Strike 1-1: SINGLE (Flyball, 78S, EV 98.1 MPH)
|
|
Batting: LHB Ryan Flynn Jr.
|
0-0: Ball 1-0: Called Strike 1-1: Ball 2-1: Ground out 5-3 (Groundball, 56S, EV 80.0 MPH) Will Leslie to second
|
|
Batting: RHB Alex Rodriguez Jr.
|
0-0: Swinging Strike 0-1: Called Strike 0-2: Ball 1-2: Strikes out looking
|
|
Batting: LHB Per Meulengracht
|
0-0: Ball 1-0: Ball 2-0: Called Strike 2-1: Swinging Strike 2-2: Ball 3-2: Strikes out swinging, 2-3 out at first.
|
| Top of the 4th over - 2 runs, 2 hits, 0 errors, 1 left on base; Minnesota 2 - Detroit 1 |
| BOTTOM OF THE 4TH |
|
Detroit Tigers batting - Pitching for Minnesota Twins : RHP Ted Mosley
|
|
Batting: SHB Adam Weber
|
0-0: Ball 1-0: Ball 2-0: Ball 3-0: Base on Balls
|
|
Batting: RHB Adrian Novakovic
|
0-0: SINGLE (Groundball, 6S, EV 66.2 MPH) (infield hit) Adam Weber to second
|
|
Batting: RHB Jerry Jauregui
|
0-0: Called Strike 0-1: Ball 1-1: Foul Ball, location: 2F 1-2: Foul Ball, location: 2F 1-2: SINGLE (Line Drive, 8RS, EV 92.5 MPH) Adam Weber to third Adrian Novakovic to second
|
|
Batting: RHB Rich Stinson
|
0-0: Ball 1-0: Ground out 4-3 (Groundball, 4S, EV 67.5 MPH) Adam Weber scores Adrian Novakovic to third Jerry Jauregui to second
|
|
Batting: LHB Morgan Black
|
0-0: Called Strike 0-1: Ball 1-1: Foul Ball, location: 2F 1-2: Foul Ball, location: 2F 1-2: Strikes out swinging
|
|
Batting: LHB Frank McConnell
|
0-0: Ball 1-0: Called Strike 1-1: Swinging Strike 1-2: Ball 2-2: Foul Ball, location: 2F 2-2: Ball 3-2: Ground out 4-3 (Groundball, 4, EV 85.6 MPH)
|
| Bottom of the 4th over - 1 run, 2 hits, 0 errors, 2 left on base; Minnesota 2 - Detroit 2 |
| TOP OF THE 5TH |
|
Minnesota Twins batting - Pitching for Detroit Tigers : LHP Adrian Hamilton
|
|
Batting: LHB Harris Vink
|
0-0: Foul Ball, location: 2F 0-1: Foul Ball, location: 2F 0-2: Ground out 3-1 (Groundball, 34, EV 84.4 MPH)
|
|
Batting: RHB Matt Dunn
|
0-0: Ball 1-0: Ball 2-0: Foul Ball, location: 2F 2-1: Swinging Strike 2-2: Strikes out swinging
|
|
Batting: RHB Miguel Gonzalez
|
0-0: Called Strike 0-1: Ground out 4-3 (Groundball, 4, EV 106.2 MPH)
|
| Top of the 5th over - 0 runs, 0 hits, 0 errors, 0 left on base; Minnesota 2 - Detroit 2 |
| BOTTOM OF THE 5TH |
|
Detroit Tigers batting - Pitching for Minnesota Twins : RHP Ted Mosley
|
|
Batting: LHB Conrad Taylor
|
0-0: Ball 1-0: Ball 2-0: Foul Ball, location: 2F 2-1: Ground out 1-3 (Groundball, 15S, EV 66.9 MPH)
|
|
Batting: RHB Chris Wheatley
|
0-0: DOUBLE (Flyball, 78XD, EV 98.8 MPH)
|
|
Batting: SHB Ross Holland
|
0-0: Ball 1-0: Fly out, F7 (Flyball, 78S, EV 87.5 MPH)
|
|
Batting: SHB Adam Weber
|
0-0: Swinging Strike 0-1: Swinging Strike 0-2: Strikes out swinging
|
| Bottom of the 5th over - 0 runs, 1 hit, 0 errors, 1 left on base; Minnesota 2 - Detroit 2 |
| TOP OF THE 6TH |
|
Minnesota Twins batting - Pitching for Detroit Tigers : LHP Adrian Hamilton
|
|
Batting: RHB Miguel Diaz
|
0-0: Ball 1-0: Foul Ball, location: 2F 1-1: Ball 2-1: Ball 3-1: DOUBLE (Groundball, 5L, EV 101.2 MPH)
|
|
Batting: LHB Ricardo Batista
|
0-0: Ball 1-0: Called Strike 1-1: Ground out U3 (Groundball, 13, EV 81.9 MPH) Miguel Diaz to third
|
|
Batting: RHB Will Leslie
|
0-0: Ball 1-0: Foul Ball, location: 2F 1-1: Foul Ball, location: 2F 1-2: Strikes out looking
|
|
Batting: LHB Ryan Flynn Jr.
|
0-0: SINGLE (Line Drive, 34, EV 99.4 MPH) Miguel Diaz scores
|
|
Batting: RHB Alex Rodriguez Jr.
|
0-0: Called Strike Ryan Flynn Jr. steals 2nd base 0-1: Foul Ball, location: 2F 0-2: Ball 1-2: SINGLE (Groundball, 6S, EV 73.8 MPH) (infield hit) Ryan Flynn Jr. to third
|
|
Batting: LHB Per Meulengracht
|
0-0: Ball 1-0: Ball 2-0: Ball 3-0: Base on Balls Alex Rodriguez Jr. to second
|
|
Batting: LHB Harris Vink
|
0-0: Called Strike 0-1: Foul Ball, location: 2F 0-2: Foul Ball, location: 2F 0-2: Foul Ball, location: 2F 0-2: Strikes out swinging
|
| Top of the 6th over - 1 run, 3 hits, 0 errors, 3 left on base; Minnesota 3 - Detroit 2 |
| BOTTOM OF THE 6TH |
|
Detroit Tigers batting - Pitching for Minnesota Twins : RHP Ted Mosley
|
|
Batting: RHB Adrian Novakovic
|
0-0: Ball 1-0: Ball 2-0: Called Strike 2-1: Foul Ball, location: 2F 2-2: Ball 3-2: Ground out 6-3 (Groundball, 6MD, EV 91.2 MPH)
|
|
Pitching: RHP Mike Torres
|
|
|
Batting: RHB Jerry Jauregui
|
0-0: Swinging Strike 0-1: Ball 1-1: Ball 2-1: Called Strike 2-2: Ball 3-2: Ground out 4-3 (Groundball, 4, EV 82.5 MPH)
|
|
Batting: RHB Rich Stinson
|
0-0: Called Strike 0-1: Swinging Strike 0-2: Strikes out swinging
|
| Bottom of the 6th over - 0 runs, 0 hits, 0 errors, 0 left on base; Minnesota 3 - Detroit 2 |
| TOP OF THE 7TH |
|
Minnesota Twins batting - Pitching for Detroit Tigers : LHP Adrian Hamilton
|
|
Batting: RHB Matt Dunn
|
0-0: Ball 1-0: Called Strike 1-1: Ground out 5-3 (Groundball, 56S, EV 78.1 MPH)
|
|
Batting: RHB Miguel Gonzalez
|
0-0: Ball 1-0: Foul Ball, location: 2F 1-1: SINGLE (Groundball, 4MD, EV 100.6 MPH)
|
|
Pitching: RHP Melvin Medellin
|
|
|
Batting: RHB Miguel Diaz
|
0-0: Foul Ball, location: 2F 0-1: Ball 1-1: Foul Ball, location: 2F 1-2: Ball 2-2: Strikes out swinging
|
|
Batting: LHB Ricardo Batista
|
0-0: Ground out 4-3 (Groundball, 34D, EV 91.9 MPH)
|
| Top of the 7th over - 0 runs, 1 hit, 0 errors, 1 left on base; Minnesota 3 - Detroit 2 |
| BOTTOM OF THE 7TH |
|
Detroit Tigers batting - Pitching for Minnesota Twins : RHP Mike Torres
|
|
Batting: LHB Morgan Black
|
0-0: SINGLE (Line Drive, 8RS, EV 108.8 MPH)
|
|
Batting: LHB Frank McConnell
|
0-0: Called Strike 0-1: Foul Ball, location: 2F 0-2: Fielders Choice at 2nd, 5-4 (Groundball, 15, EV 85.6 MPH)
|
|
Batting: LHB Conrad Taylor
|
0-0: Called Strike 0-1: Ball Frank McConnell steals 2nd base 1-1: Called Strike 1-2: Ball 2-2: Strikes out looking
|
|
Batting: RHB Chris Wheatley
|
0-0: Ball 1-0: Ball 2-0: Ground out 6-3 (Groundball, 6, EV 101.2 MPH)
|
| Bottom of the 7th over - 0 runs, 1 hit, 0 errors, 1 left on base; Minnesota 3 - Detroit 2 |
| TOP OF THE 8TH |
|
Minnesota Twins batting - Pitching for Detroit Tigers : RHP Melvin Medellin
|
|
Pitching: RHP Bobby Wright
|
|
|
Batting: RHB Will Leslie
|
0-0: Ball 1-0: Ball 2-0: Ball 3-0: Called Strike 3-1: Foul Ball, location: 2F 3-2: Base on Balls
|
|
Batting: LHB Ryan Flynn Jr.
|
0-0: Ball 1-0: Ball Will Leslie steals 2nd base (no throw) 2-0: Called Strike 2-1: Foul Ball, location: 2F 2-2: Ball 3-2: Strikes out swinging
|
|
Batting: RHB Alex Rodriguez Jr.
|
0-0: Ball 1-0: Ball 2-0: Ball 3-0: Called Strike 3-1: Called Strike 3-2: Base on Balls
|
|
Batting: LHB Per Meulengracht
|
0-0: Ball 1-0: Ball 2-0: Ball 3-0: Called Strike 3-1: Base on Balls Will Leslie to third Alex Rodriguez Jr. to second
|
|
Batting: LHB Harris Vink
|
0-0: Ball 1-0: Swinging Strike 1-1: Fly out, F8 (Line Drive, 8LD, EV 90.0 MPH) Runner from 3rd tags up, OUT at HOME! 8-2
|
| Top of the 8th over - 0 runs, 0 hits, 0 errors, 2 left on base; Minnesota 3 - Detroit 2 |
| BOTTOM OF THE 8TH |
|
Detroit Tigers batting - Pitching for Minnesota Twins : RHP Mike Torres
|
|
Pitching: LHP Inkei Wakamatsu
|
|
|
Batting: SHB Ross Holland
|
0-0: Called Strike 0-1: Foul Ball, location: 2F 0-2: Ball 1-2: Ball 2-2: Strikes out looking
|
|
Batting: SHB Adam Weber
|
0-0: Ball 1-0: Swinging Strike 1-1: Ground out 6-3 (Groundball, 6M, EV 84.4 MPH)
|
|
Batting: RHB Adrian Novakovic
|
0-0: Ball 1-0: Ground out 5-3 (Groundball, 56, EV 106.2 MPH)
|
| Bottom of the 8th over - 0 runs, 0 hits, 0 errors, 0 left on base; Minnesota 3 - Detroit 2 |
| TOP OF THE 9TH |
|
Minnesota Twins batting - Pitching for Detroit Tigers : RHP Bobby Wright
|
|
Pinch Hitting: RHB Greg Harman
|
0-0: Called Strike 0-1: Swinging Strike 0-2: Foul Ball, location: 2F 0-2: Ball 1-2: Foul Ball, location: 2F 1-2: Foul Ball, location: 2F 1-2: Ball 2-2: Ball 3-2: Foul Ball, location: 2F 3-2: SINGLE (Line Drive, 7S, EV 90.6 MPH)
|
|
Batting: RHB Miguel Gonzalez
|
0-0: Foul Ball, location: 2F 0-1: Ball 1-1: Called Strike 1-2: Strikes out swinging
|
|
Batting: RHB Miguel Diaz
|
0-0: Called Strike 0-1: Ball 1-1: Foul Ball, location: 2F 1-2: Grounds into double play, 6-4-3 (Groundball, 6, EV 81.9 MPH)
|
| Top of the 9th over - 0 runs, 1 hit, 0 errors, 0 left on base; Minnesota 3 - Detroit 2 |
| BOTTOM OF THE 9TH |
|
Detroit Tigers batting - Pitching for Minnesota Twins : LHP Inkei Wakamatsu
|
|
Now at C: José Molina
|
|
|
Now at 1B: Greg Harman
|
|
|
Batting: RHB Jerry Jauregui
|
0-0: Ball 1-0: Foul Ball, location: 2F 1-1: Ball 2-1: Ball 3-1: Called Strike 3-2: Ground out 6-3 (Groundball, 56S, EV 85.0 MPH)
|
|
Batting: RHB Rich Stinson
|
0-0: Ball 1-0: Foul Ball, location: 2F 1-1: Foul Ball, location: 2F 1-2: Strikes out swinging, 2-3 out at first.
|
|
Pinch Hitting: RHB Dan Friess
|
0-0: Swinging Strike 0-1: Swinging Strike 0-2: Strikes out swinging
|
| Bottom of the 9th over - 0 runs, 0 hits, 0 errors, 0 left on base; Minnesota 3 - Detroit 2 |
|